 Dungeon Crawl Stone Soup version 0.24-a0-459-g225fefd530 (webtiles) character file.

Game seed: 14467499831269054615

126 Gargoyl the Skirmisher (level 4, -1/40 HPs)
             Began as a Centaur Abyssal Knight on June 29, 2019.
             Was a Believer of Lugonu.
             Killed from afar by an orc wizard (11 damage)
             ... with a puff of frost
             ... on level 3 of the Dungeon.
             The game lasted 00:03:03 (2809 turns).

Gargoyl the Skirmisher (Centaur Abyssal Knight)     Turns: 2809, Time: 00:03:04

Health: -1/40      AC:  6    Str: 19    XL:     4   Next: 84%
Magic:  6/6        EV:  6    Int: 11    God:    Lugonu [**....]
Gold:   122        SH:  7    Dex: 10    Spells: 3/3 levels left

rFire    + . .     SeeInvis .   a - +2 hand axe
rCold    . . .     Gourm    .   f - +0 shield
rNeg     . . .     Faith    .   k - +0 ring mail {rF+}
rPois    .         Spirit   .   (no helmet)
rElec    .         Reflect  .   (no cloak)
rCorr    .         Harm     .   (no gloves)
MR       .....                  (no barding)
Stlth    ..........             (no amulet)
HPRegen  0.13/turn              (no ring)
MPRegen  0.10/turn              (no ring)

@: mighty, very quick
A: large, hooves 3, deformed body, speed 2, tough skin 3
a: Depart the Abyss, Bend Space, Renounce Religion


You were on level 3 of the Dungeon.
You worshipped Lugonu.
Lugonu was pleased with you.
You were hungry.

You visited 1 branch of the dungeon, and saw 3 of its levels.
You visited the Abyss 1 time.

You collected 122 gold pieces.

Inventory:

Hand Weapons
 a - a +2 hand axe (weapon)
Armour
 f - a +0 shield (worn)
 k - a +0 ring mail of fire resistance (worn)
Jewellery
 h - a +5 ring of intelligence {unknown}
Scrolls
 d - a scroll of enchant weapon
 g - 3 scrolls of identify
 j - a scroll of remove curse
 n - a scroll of teleportation
Potions
 b - 2 potions of haste
 i - a potion of berserk rage {unknown}
 l - 5 potions of agility {unknown}
Comestibles
 c - 6 rations
 m - 9 chunks of flesh


   Skills:
 + Level 3.6 Fighting
 + Level 2.4 Axes
 * Level 2.2 Armour
 * Level 1.3 Dodging
 + Level 0.5 Shields
 * Level 2.7 Invocations


You had 3 spell levels left.
You didn't know any spells.
Your spell library was empty.

Dungeon Overview and Level Annotations

Branches:
Dungeon (3/15)

Altars:
Cheibriados
Gozag


Innate Abilities, Weirdness & Mutations

You have hooves in place of feet.
Armour fits poorly on your strangely shaped body.
You cover ground very quickly.
You have extremely tough skin. (AC +3)


Message History

You hit the orc.
You kill the orc!
Lugonu accepts your kill.
Unknown command.
You miss something.
Something hits you but does no damage. x3
It was a potion of might.
You feel very mighty all of a sudden. Something hits you but does no damage.
You miss something. Something hits you.
* * * LOW HITPOINT WARNING * * *
Something hits you but does no damage.
Your shield prevents you from hitting something.
Your kick misses something.
Something hits you but does no damage. x2
You barely miss something.
Something hits you but does no damage. x2
You miss something.
Something hits you but does no damage. x2
You hit something. You kick something! Something hits you but does no damage.
You hear some strange, mumbled words.
A puff of frost appears from out of thin air!
The puff of frost hits you!
You die...

# #...†..# # ######.#
#.# #.# # #.# ## ####.#
[## ##.##.# #
).####...#.#########...#
).'.............@)osr...
..####...#.########b....
.## ##.##.# ... ##
####.# . ######## #.#
#.....# #.# #.###.###.#
#.# #.....# #.###.#####


You could see an orc, a quokka, a giant cockroach and a bat.

Vanquished Creatures
  An orc wizard (D:3)
  3 adders (D:2)
  3 dart slugs
  4 leopard geckos (D:2)
  4 orcs (D:3)
  5 bats
  2 giant cockroaches (D:2)
  4 goblins
  8 hobgoblins
  4 jackals (D:1)
  A quokka (D:2)
  5 frilled lizards
  3 kobolds
  5 rats (D:1)
52 creatures vanquished.

Notes
Turn   | Place    | Note
-------+----------+-------------------------------------------
     0 | Abyss:1  | Gargoyl the Centaur Abyssal Knight began the quest for the
                  | Orb.
     0 | Abyss:1  | Reached XP level 1. HP: 19/19 MP: 2/2
    41 | Abyss:1  | Noticed a flying skull
    45 | Abyss:1  | Noticed a small abomination
    73 | D:1      | Escaped the Abyss
   445 | D:1      | Reached XP level 2. HP: 24/26 MP: 3/3
   491 | D:1      | Reached * piety under Lugonu
  1097 | D:1      | Reached skill level 1 in Dodging
  1362 | D:2      | Reached XP level 3. HP: 29/31 MP: 4/4
  1531 | D:2      | Found a snail-covered altar of Cheibriados.
  1614 | D:2      | Found an opulent altar of Gozag.
  1818 | D:2      | Reached XP level 4. HP: 35/39 MP: 5/5
  2664 | D:3      | Reached ** piety under Lugonu
  2809 | D:3      | Killed from afar by an orc wizard

Levels and vault maps discovered:
D:1:      saegor_arrival_simple_b, layout_basic, minmay_misc_feat_rows,
          minivault_19, wander_ebering_terrifying_dragon_lair
D:2:      layout_basic, lemuel_doored_altar, minivault_5, lemuel_altar_in_water
D:3:      cheibrodos_pilgrimage, layout_loops_corners, first_ration,
          uniq_jessica

Skill      XL: |  1  2  3 |
---------------+----------+-----
Dodging        | 1 |  1.3
Axes           | 2 |  2.4
Armour         | 2 |  2.2
Fighting       | |  3.6
Shields        | |  0.5
Invocations    | |  2.7

Action                   |  1- 3 |  4- 6 || total
-------------------------+-------+-------++-------
Melee: Hand axe          |    83 |    50 ||   133
       Kick              |    14 |    11 ||    25
Invok: Depart the Abyss  |     1 |       ||     1
  Use: Scroll            |     7 |     1 ||     8
       Potion            |       |     1 ||     1
  Eat: Chunk             |     2 |     2 ||     4
Armor: Leather armour    |     7 |       ||     7
       Ring mail         |    21 |    25 ||    46
Dodge: Dodged            |    35 |    13 ||    48
Block: Shield            |     3 |    19 ||    22

Table legend:
 A = Non-vault XP
 B = Vault XP
 C = Vault XP percentage of total XP
 D = Non-vault monster count
 E = Vault monster count
 F = Vault count percentage of total count
                 A         B        C        D         E       F
            +---------+---------+-------+---------+---------+-------
      Total |     180 |       1 |   0.6 |      51 |       1 |   1.9
            +---------+---------+-------+---------+---------+-------
        D:1 |      39 |       1 |   2.5 |      21 |       1 |   4.5
        D:2 |      75 |       0 |   0.0 |      20 |       0 |   0.0
        D:3 |      66 |       0 |   0.0 |      10 |       0 |   0.0
            +---------+---------+-------+---------+---------+-------
